 Dungeon Crawl Stone Soup version 0.31-a0-221-gbddc013574 (webtiles) character file.

Game seed: 13581327066768177175

573 experimilk the Tainter (level 7, -3/50 HPs)
             Began as a Red Draconian Venom Mage on July 4, 2023.
             Was an Initiate of Sif Muna.
             Slain by an ice beast (9 damage)
             ... on level 5 of the Dungeon.
             The game lasted 00:16:00 (9840 turns).

experimilk the Tainter (Red Draconian Venom Mage)   Turns: 9840, Time: 00:16:01

Health: -3/50      AC:  7    Str: 11    XL:     7   Next: 12%
Magic:  6/10       EV: 11    Int: 17    God:    Sif Muna [......]
Gold:   240        SH:  3    Dex: 11    Spells: 4/10 levels left

rFire   + . .        p - +0 rapier
rCold   . . .        g - +0 buckler
rNeg    . . .        (body armour unavailable)
rPois   +            d - +1 hat
rElec   .            (no cloak)
rCorr   .            (no gloves)
SInv    .            (no boots)
Will    .....        (no amulet)
Stlth   ++           e - ring of poison resistance
HPRegen 0.28/turn    (no ring)
MPRegen 0.12/turn

%: no passive effects
@: no status effects
A: breathe fire, AC +6, unfitting armour, fire resistance 1, cold-blooded
a: Breathe Fire, Renounce Religion


You were on level 5 of the Dungeon.
You worshipped Sif Muna.
Sif Muna was noncommittal.
You visited 1 branch of the dungeon, and saw 5 of its levels.

You collected 240 gold pieces.

Inventory:

Hand Weapons
 p - a +0 rapier (weapon)
Armour
 d - a +1 hat (worn)
 g - a +0 buckler (worn)
Jewellery
 e - a ring of poison resistance (left hand)
Wands
 o - a wand of iceblast (5)
Scrolls
 c - 3 scrolls of teleportation {unknown}
 h - 2 scrolls of poison
 j - a scroll of vulnerability
 m - a scroll of fear {unknown}
 n - 2 scrolls of enchant armour {unknown}
 r - a scroll of amnesia {unknown}
 t - a scroll of revelation {unknown}
Potions
 a - a potion of magic
 b - a potion of resistance
 f - a potion of brilliance
 k - a potion of curing
 l - a potion of attraction {unknown}
 s - 2 potions of haste


   Skills:
 - Level 1.7 Dodging
 - Level 1.7 Stealth
 - Level 2.0 Spellcasting
 - Level 1.0 Transmutations
 * Level 8.2 Poison Magic


You had 4 spell levels left.
You knew the following spells:

 Your Spells              Type           Power      Damage    Failure   Level
a - Sting                 Tmut/Pois      68%        1d6       4%          1
c - Mephitic Cloud        Conj/Pois/Air  11%        N/A       26%         3
z - Poisonous Vapours     Pois/Air       30%        N/A       8%          2

Your spell library contained the following spells:

 Spells                   Type           Power      Damage    Failure   Level
 Olgreb's Toxic Radiance  Pois           29%        N/A       10%         4
 Summon Small Mammal      Summ           4%         N/A       28%         1
 Call Canine Familiar     Summ           1%         N/A       63%         3
 Summon Guardian Golem    Hex/Summ       1%         N/A       63%         3
 Petrify                  Tmut/Erth      3%         N/A       92%         4
 Metabolic Englaciation   Hex/Ice        0%         N/A       100%        5
 Statue Form              Tmut/Erth      2%         N/A       100%        6


Dungeon Overview and Level Annotations

Branches:
Dungeon (5/15)
 Temple: D:4-7

Altars:
Elyvilon
Fedhas
Sif Muna
Trog


Innate Abilities, Weirdness & Mutations

You can breathe blasts of fire.
Your fiery red scales are hard. (AC +6)
You cannot fit into any form of body armour.
Your flesh is heat resistant. (rF+)
You are cold-blooded and may be slowed by cold attacks.


Message History

You hit the bullfrog.
You kill the bullfrog!
Sif Muna accepts your kill.
You have reached level 7!
Your scales start taking on a fiery red colour.
You learn Fire Magic much quicker.
You learn Ice Magic much slower.
You can breathe blasts of fire.
You feel resistant to heat.
You start resting.
An ice beast is nearby!
An ice beast is nearby!
The ice beast hits the plant.
The plant begins to die.
The ice beast freezes the plant!
The ice beast hits the plant.
The plant begins to die.
The ice beast freezes the plant!
The ice beast hits the plant.
The ice beast freezes the plant.
The ice beast hits something.
The ice beast freezes something!
A nearby plant withers and dies.
You hit the ice beast. You tail-slap the ice beast.
The ice beast is moderately wounded.
The ice beast hits you. The ice beast freezes you!
The ice beast hits you but does no damage.
You barely miss the ice beast.
The ice beast is moderately wounded.
The ice beast hits you. The ice beast freezes you!
You feel yourself slow down.
You hit the ice beast.
The ice beast is moderately wounded.
The ice beast hits you. The ice beast freezes you!
* * * LOW HITPOINT WARNING * * *
The ice beast hits you but does no damage.
You hit the ice beast.
The ice beast is heavily wounded.
You feel yourself speed up. The ice beast closely misses you.
You hit the ice beast but do no damage.
The ice beast is heavily wounded.
The ice beast hits you.
* * * LOW HITPOINT WARNING * * *
The ice beast freezes you!
You die...

.##~~~~P~~P.
#.##.Y.......#
###.~P~P~##.
.............#
#P.~P#Y##
............###
#..#....#
.............
##......#
#..........
######.### #.....#
#...# #)#......#
###.#######.######.#
#....Y@...†...#
###############


You could see an ice beast.

Vanquished Creatures
  A bullfrog (D:5)
  A scorpion (D:4)
  A howler monkey (D:5)
  2 hounds (D:4)
  A jelly (D:5)
  A gnoll bouda (D:4)
  2 orc wizards (D:3)
  Robin (D:2)
  8 adders
  6 gnolls
  4 dart slugs
  4 worms
  7 orcs
  4 bats
  7 endoplasms
  14 goblins
  13 hobgoblins
  9 jackals (D:2)
  6 kobolds
  A quokka (D:4)
  6 ball pythons
  5 frilled lizards
  2 rats
106 creatures vanquished.

Vanquished Creatures (others)
  A butterfly (D:3)
1 creature vanquished.

Grand Total: 107 creatures vanquished

Notes
Turn   | Place    | Note
-------+----------+-------------------------------------------
     0 | D:1      | experimilk the Draconian Venom Mage began the quest for the
                  | Orb.
     0 | D:1      | Reached XP level 1. HP: 14/14 MP: 3/3
     0 | D:1      | Noticed a minotaur skeleton
     3 | D:1      | Noticed a demonspawn
    18 | D:1      | Noticed a troll
   582 | D:1      | Reached XP level 2. HP: 20/20 MP: 1/5
  1054 | D:1      | Learned a level 2 spell: Poisonous Vapours
  1308 | D:1      | Reached skill level 4 in Poison Magic
  1829 | D:2      | Reached XP level 3. HP: 26/26 MP: 0/6
  2110 | D:2      | Learned a level 3 spell: Mephitic Cloud
  3232 | D:2      | Reached XP level 4. HP: 33/33 MP: 4/7
  3281 | D:2      | Reached skill level 5 in Poison Magic
  4316 | D:2      | Noticed Robin
  4783 | D:2      | Killed Robin
  4994 | D:3      | Found a bloodstained altar of Trog.
  5051 | D:3      | Found a shimmering blue altar of Sif Muna.
  5066 | D:3      | Reached XP level 5. HP: 20/38 MP: 1/8
  5365 | D:3      | Reached skill level 6 in Poison Magic
  6028 | D:3      | Found a white marble altar of Elyvilon.
  6351 | D:3      | Found a faded altar of an unknown god.
  6905 | D:3      | Became a worshipper of Sif Muna the Loreminder
  7275 | D:4      | Found a blossoming altar of Fedhas.
  7767 | D:4      | Reached XP level 6. HP: 45/45 MP: 4/9
  8030 | D:5      | Entered Level 5 of the Dungeon
  8030 | D:5      | Noticed an ice beast
  8236 | D:5      | Reached skill level 7 in Poison Magic
  9644 | D:5      | Reached skill level 8 in Poison Magic
  9800 | D:5      | Your scales start taking on a fiery red colour.
  9800 | D:5      | Reached XP level 7. HP: 35/50 MP: 1/10
  9800 | D:5      | Gained mutation: Your flesh is heat resistant. (rF+) [Red
                  | Draconian growth]
  9840 | D:5      | Slain by an ice beast

Illustrated notes

Levels and vault maps discovered:
D:1:      shiori_arrival_whats_in_store_for_you, layout_basic,
          minmay_strange_pillars
D:2:      layout_rooms, minmay_split_cup_small, uniq_robin
D:3:      layout_basic, nicolae_elyvilon_peaceful_grove,
          mainiacjoe_overflow_24_doors, led_sif_book,
          ebering_ecumenical_altar_petrified,
          nicolae_concentric_dashed_squares_wild, hangedman_decor_peaks_small,
          chequers_serial_rivers_small_a, kennysheep_generic_room_7
D:4:      layout_rooms, fedhas_altar_2, serial_corexii_hall,
          corexii_hall_statues_x, corexii_hall_statues_i
D:5:      layout_basic, nicolae_wu_jian_immortal_techniques,
          mainiacjoe_overflow_divided_tiny, serial_bayou_lagoon_a,
          corexii_corridor_pit, uniq_pikel

Skill      XL: |  1  2  3  4  5  6 |
---------------+-------------------+-----
Poison Magic   | 4 5 6 8 |  8.2
Dodging        | |  1.7
Stealth        | |  1.7
Spellcasting   | |  2.0
Transmutations | |  1.0

Action                     |  1- 3 |  4- 6 |  7- 9 || total
---------------------------+-------+-------+-------++-------
  Melee: Whip              |     6 |       |       ||     6
         Punch             |     1 |       |       ||     1
         Short sword       |     9 |    39 |       ||    48
         Tailslap          |     1 |    11 |     1 ||    13
         Rapier            |       |    39 |     5 ||    44
   Cast: Sting             |    59 |   107 |       ||   166
         Poisonous Vapours |    10 |    67 |       ||    77
    Use: Scroll            |     1 |     4 |       ||     5
 Armour: Skin              |    16 |    44 |     2 ||    62
  Dodge: Dodged            |    34 |    85 |     1 ||   120
  Block: Buckler           |     6 |    21 |       ||    27

Table legend: (Time is in decaauts)
 A = Elapsed time spent in this place.
 B = Non-inter-level travel time spent in this place.
 C = Inter-level travel time spent in this place.
 D = Time resting spent in this place.
 E = Time spent auto-exploring this place.
 F = Levels seen in this place.
 G = Mean time per level.
                   A        B        C        D        E       F      G
               +--------+--------+--------+--------+--------+-----+--------+
         Total |   9876 |   9564 |    312 |   5712 |   2775 |   5 | 1975.2 |
       Dungeon |   9876 |   9564 |    312 |   5712 |   2775 |   5 | 1975.2 |
               +--------+--------+--------+--------+--------+-----+--------+

Top non-repeatable levels by time:
     D:1: 3225 daAuts
     D:4: 2211 daAuts
     D:3: 1973 daAuts
     D:2: 1769 daAuts
     D:5: 696 daAuts
